 Dungeon Crawl Stone Soup version 0.20-a0-893-g832831a (webtiles) character file.

387 4thArraOfDagon the Skirmisher (level 6, 0/52 HPs)
             Began as a Demigod Wanderer on Mar 16, 2017.
             Killed from afar by an orc wizard (5 damage)
             ... with a magic dart
             ... on level 6 of the Dungeon.
             The game lasted 00:07:17 (1342 turns).

4thArraOfDagon the Skirmisher (Demigod Wanderer)    Turns: 1342, Time: 00:07:17

Health: 0/52       AC:  9    Str: 16      XL:     6   Next: 24%
Magic:  8/8        EV:  9    Int: 16 (19) God:
Gold:   150        SH:  0    Dex: 15 (17) Spells: 5/5 levels left

rFire    . . .     SeeInvis .   a - +2 spear
rCold    . . .     Gourm    .   b - +0 scale mail
rNeg     . . .     Faith    .   (no shield)
rPois    .         Spirit   .   (no helmet)
rElec    .         Reflect  .   (no cloak)
rCorr    .         Harm     .   (no gloves)
MR       .....                  p - +0 pair of boots
Stlth    ..........             (no amulet)
Regen    0.2/turn               (no ring)
MPRegen  0.2/turn               (no ring)

@: flying, slowed, very slow
A: slimy green scales 1, agile 1, frail 1, high mp 1, evolution 1
a: no special abilities


You were on level 6 of the Dungeon.
You were not hungry.

You visited 1 branch of the dungeon, and saw 6 of its levels.

You collected 150 gold pieces.

Inventory:

Hand Weapons
 a - a +2 spear (weapon)
 q - a +0 trident
Armour
 b - a +0 scale mail (worn)
 c - a +0 robe
 p - a +0 pair of boots (worn)
 r - a +0 ring mail
Scrolls
 e - a scroll of remove curse
 t - a scroll of blinking
 u - a scroll of teleportation
Potions
 o - a potion of magic
Comestibles
 d - 5 bread rations
 f - 3 royal jellies
 g - 2 meat rations
 i - a fruit
 s - 2 chunks of flesh


   Skills:
 + Level 6.7 Fighting
 - Level 1.0 Throwing
 - Level 1.7 Armour
   Level 1.0 Shields
   Level 1.7 Charms
   Level 1.0 Translocations


You had 5 spell levels left.
You didn't know any spells.

Dungeon Overview and Level Annotations

Branches:
Dungeon (6/15)             Temple (0/1) D:4

Portals:
Ossuary: D:6


Innate Abilities, Weirdness & Mutations

You have an increased reservoir of magic. (+10% MP)
You are partially covered in slimy green scales. (AC +2)
You are agile. (Dex +2)
You are frail. (-10% HP)
You evolve.


Message History

You hit the orc wizard but do no damage.
An orc wizard appears from thin air!
Reactivating autopickup.
The orc wizard hits you but does no damage.
The orc wizard points at you and mumbles some strange words.
You resist with some effort. The orc wizard casts a spell at you.
You feel as though you will be slow longer.
The orc wizard hits you but does no damage.
Unknown command.
Okay, then.
It was a potion of flight.
You feel very buoyant.
You fly up into the air.
The orc wizard points at you and mumbles some strange words.
The magic dart hits you!
* * * LOW HITPOINT WARNING * * *
The orc wizard points at you and mumbles some strange words.
The magic dart hits you!
You die...

##..)### ###.......
#..............#
#..............### .# .....#
#.........# #.# .....#
#.....)#<# #.#
.....#####...#.#.# #.######
......$.####.#.#o# #.......
.....##.......)#@# #.....#
>....#######.###o#####...#.###
.....# #.# #o.............
...### #.# #######o.....#
#..#########.# ##.#.!.#
##...........# .# .o..
###'########## .# ## ...## .#
.>.# .#


You could see 2 orc wizards and an orc.

Vanquished Creatures
  2 bullfrogs (D:6)
  A scorpion (D:5)
  An orc wizard (D:6)
  A bullfrog skeleton (D:6)
  2 worker ants (D:6)
  6 adders
  A worm (D:6)
  2 leopard geckos
  7 orcs
  2 bats
  3 giant cockroaches
  4 goblins
  4 hobgoblins
  A quokka (D:6)
  A ball python (D:6)
  2 frilled lizards
  3 kobolds
  4 rats
47 creatures vanquished.

Notes
Turn   | Place    | Note
-------+----------+-------------------------------------------
     0 | D:1      | 4thArraOfDagon the Demigod Wanderer began the quest for the Orb.
     0 | D:1      | 4thArraOfDagon set off with: a +2 spear, a potion of lignification, a +0 robe, a bread ration
     0 | D:1      | Reached XP level 1. HP: 18/18 MP: 3/3
    52 | D:1      | Reached skill level 3 in Fighting
   110 | D:1      | Reached XP level 2. HP: 17/26 MP: 4/4
   286 | D:3      | Found a shadowy altar of Dithmenos.
   468 | D:3      | Reached skill level 4 in Fighting
   468 | D:3      | Reached XP level 3. HP: 14/33 MP: 5/5
   649 | D:3      | Found a blossoming altar of Fedhas.
   649 | D:3      | Found a sacrificial altar of Ru.
   683 | D:4      | Found a staircase to the Ecumenical Temple.
   728 | D:4      | Found an iron altar of Okawaru.
   752 | D:5      | Entered Level 5 of the Dungeon
   752 | D:5      | Noticed a scorpion
   753 | D:5      | Found a sparkling altar of Nemelex Xobeh.
   784 | D:5      | Killed a scorpion
   784 | D:5      | Reached XP level 4. HP: 24/41 MP: 6/6
   795 | D:5      | HP: 2/41 [poisoned by an adder]
   860 | D:5      | Noticed an ogre
   867 | D:5      | Noticed an ogre
   878 | D:5      | Noticed an ice beast
   879 | D:5      | Found a hide-covered altar of Uskayaw.
   880 | D:5      | Found a white marble altar of Elyvilon.
   888 | D:5      | Found a basalt altar of Yredelemnul.
   888 | D:5      | Found a glowing silver altar of Zin.
   912 | D:6      | Gained mutation: You are agile. (Dex +2) [potion of mutation]
   912 | D:6      | Gained mutation: You evolve. [potion of mutation]
   912 | D:6      | Gained mutation: You are frail. (-10% HP) [potion of mutation]
   912 | D:6      | Gained mutation: You are partially covered in slimy green scales. (AC +2) [potion of mutation]
  1003 | D:6      | Reached skill level 5 in Fighting
  1026 | D:6      | Noticed a bullfrog
  1052 | D:6      | Killed a bullfrog
  1052 | D:6      | Reached XP level 5. HP: 15/44 MP: 7/7
  1102 | D:6      | Reached skill level 6 in Fighting
  1170 | D:6      | Reached XP level 6. HP: 31/52 MP: 8/8
  1257 | D:6      | Found a sand-covered staircase.
  1342 | D:6      | Killed from afar by an orc wizard

Vault maps used:
D:1:      tarquinn_simple_flora_water_b, minmay_misc_feat_hallway
D:2:      cheibrodos_greedy_goblins, uniq_crazy_yiuf_cottage, uniq_iyjb
D:3:      grunt_dithmenos_smoke_and_mirrors, gammafunk_temple_overflow_elements,
          moated_statue, uniq_sigmund, uniq_natasha
D:4:      kennysheep_mini_moat, lemuel_doored_altar,
          minmay_temple_entry_statues_fountains, first_bread
D:5:      lemuel_crystal_altar, chequers_temple_overflow_statue_of_worship,
          nemelex_xobeh_ov_fountains_minmay
D:6:      nicolae_ossuary_entry_false_entrances, fedhas_altar_4

Skill      XL: |  1  2  3  4  5 |
---------------+----------------+-----
Fighting       | 3 4 5 6 |  6.7
Throwing       | |  1.0
Armour         | |  1.7
Shields        | |  1.0
Charms         | |  1.7
Translocations | |  1.0

Action                   |  1- 3 |  4- 6 || total
-------------------------+-------+-------++-------
Melee: Spear             |   108 |   175 ||   283
  Use: Potion            |     1 |    12 ||    13
       Scroll            |       |     8 ||     8
 Stab: Sleeping          |     2 |       ||     2
  Eat: Chunk             |       |     2 ||     2
Armor: Robe              |     2 |       ||     2
       Skin              |    31 |       ||    31
       Ring mail         |     7 |    72 ||    79
       Scale mail        |       |    26 ||    26
Dodge: Dodged            |    43 |   136 ||   179
